[ AOE2 MATCH · #477756817 ]
UnrankedEthiopians vs Britons
Player's team · LOSS
Rival team · WIN
[ REPLAY ANALYSIS · EXTRACTED FROM THE RECORDED GAME ]
Feudal
12:57
Castle
21:27
Imperial
43:56
| APM avg | 9.7 |
| APM peak | 31 |
| eAPM avg | 7.3 |
| Villagers / military | 58 / 246 |
Focus
⚔️ 41.8% · 🌾 58.2%
Spearman ×105 · Archer ×77 · Shotel Warrior ×42 · Trebuchet (Packed) ×7 · Scorpion ×6 · Battering Ram ×5
Feudal
9:39
Castle
16:08
Imperial
32:56
| APM avg | 40.7 |
| APM peak | 108 |
| eAPM avg | 16.9 |
| Villagers / military | 133 / 184 |
Focus
⚔️ 35.8% · 🌾 64.2%
Longbowman ×102 · Knight ×48 · Spearman ×29 · Trebuchet (Packed) ×3 · Monk ×2
Match map
Initial resources + every placement click. Lines = walls · curves = elevation contours. ◆ gold · ⬟ stone · ● berries · ✦ relic · ◌ wall gap
Your base· ✓ Closed at 21:27 · 0t walls · 3 gate(s)
Sdrf1445's base· ✓ Closed at 16:08 · 0t walls · 2 gate(s)
Smoothed initial terrain · ◌ = detected wall gap · hover for details
Inputs per minute
— netob2013 - - Sdrf1445
Build order — netob2013
First 150 of 275 actions detected
| 0:18 | Build | House |
| 0:20 | Build | House |
| 0:21 | Build | House |
| 0:22 | Build | House |
| 0:25 | Research | Loom |
| 0:26 | Create | Villager (Male) |
| 0:26 | Create | Villager (Male) |
| 0:26 | Create | Villager (Male) |
| 0:26 | Create | Villager (Male) |
| 2:01 | Create | Villager (Male) |
| 2:36 | Create | Villager (Male) |
| 3:24 | Build | Mill |
| 3:34 | Create | Villager (Male) |
| 4:04 | Create | Villager (Male) |
| 4:40 | Create | Villager (Male) |
| 4:59 | Create | Villager (Male) |
| 5:15 | Build | Lumber Camp |
| 5:21 | Create | Villager (Male) |
| 5:50 | Create | Villager (Male) |
| 6:15 | Create | Villager (Male) |
| 6:24 | Build | Farm |
| 6:34 | Create | Villager (Male) |
| 6:49 | Build | Farm |
| 6:57 | Create | Villager (Male) |
| 7:18 | Create | Villager (Male) |
| 7:40 | Build | Farm |
| 7:44 | Create | Villager (Male) |
| 7:54 | Create | Villager (Male) |
| 8:06 | Build | Farm |
| 8:14 | Create | Villager (Male) |
| 8:30 | Build | Farm |
| 8:57 | Build | House |
| 9:00 | Build | House |
| 9:01 | Build | House |
| 9:07 | Build | House |
| 9:12 | Build | House |
| 10:47 | Research | Feudal Age |
| 10:54 | Create | Villager (Male) |
| 11:11 | Build | Barracks |
| 11:20 | Create | Villager (Male) |
| 11:25 | Create | Villager (Male) |
| 11:43 | Create | Villager (Male) |
| 11:45 | Create | Villager (Male) |
| 12:02 | Build | House |
| 12:04 | Build | House |
| 12:06 | Build | House |
| 12:08 | Build | House |
| 12:12 | Create | Villager (Male) |
| 12:13 | Create | Villager (Male) |
| 12:57 | Age | Feudal Age |
| 13:00 | Research | Double-Bit Axe |
| 13:12 | Research | Arson |
| 13:13 | Create | Spearman |
| 13:14 | Create | Spearman |
| 13:14 | Create | Spearman |
| 13:26 | Build | Blacksmith |
| 13:41 | Create | Villager (Male) |
| 13:52 | Build | Mining Camp |
| 15:11 | Build | Mining Camp |
| 15:23 | Build | Farm |
| 15:35 | Build | Farm |
| 17:48 | Build | Archery Range |
| 18:22 | Research | Padded Archer Armor |
| 18:23 | Research | Fletching |
| 18:24 | Research | Forging |
| 18:47 | Research | Castle Age |
| 18:49 | Research | Town Watch |
| 19:01 | Build | Archery Range |
| 19:06 | Build | House |
| 19:26 | Create | Archer |
| 19:29 | Create | Archer |
| 21:27 | Age | Castle Age |
| 21:31 | Build | Town Center |
| 21:54 | Build | Farm |
| 21:56 | Build | Farm |
| 22:05 | Build | House |
| 22:06 | Build | House |
| 22:09 | Build | House |
| 22:21 | Build | House |
| 22:36 | Research | Horse Collar |
| 23:01 | Create | Villager (Male) |
| 23:01 | Create | Villager (Male) |
| 23:01 | Create | Villager (Male) |
| 23:01 | Create | Villager (Male) |
| 23:02 | Create | Villager (Male) |
| 23:02 | Create | Villager (Male) |
| 23:02 | Create | Villager (Male) |
| 23:04 | Create | Villager (Male) |
| 23:05 | Research | Wheelbarrow |
| 24:00 | Build | Castle |
| 24:16 | Build | Monastery |
| 24:24 | Build | House |
| 24:26 | Build | House |
| 24:27 | Build | House |
| 24:32 | Build | House |
| 25:00 | Build | Farm |
| 25:13 | Build | Farm |
| 25:19 | Create | Villager (Male) |
| 25:20 | Create | Villager (Male) |
| 25:26 | Create | Monk |
| 25:51 | Create | Shotel Warrior |
| 25:51 | Create | Shotel Warrior |
| 25:52 | Create | Shotel Warrior |
| 25:52 | Create | Shotel Warrior |
| 25:52 | Create | Shotel Warrior |
| 26:07 | Build | Farm |
| 26:17 | Create | Villager (Male) |
| 26:17 | Create | Villager (Male) |
| 26:21 | Create | Shotel Warrior |
| 26:21 | Create | Shotel Warrior |
| 26:21 | Create | Shotel Warrior |
| 26:22 | Create | Shotel Warrior |
| 26:23 | Create | Monk |
| 27:01 | Build | Siege Workshop |
| 27:07 | Create | Shotel Warrior |
| 27:07 | Create | Shotel Warrior |
| 27:11 | Create | Villager (Male) |
| 27:11 | Create | Villager (Male) |
| 27:18 | Create | Villager (Male) |
| 27:25 | Create | Villager (Male) |
| 28:00 | Create | Archer ×5 |
| 28:01 | Create | Archer ×5 |
| 28:53 | Build | Archery Range |
| 28:54 | Build | Archery Range |
| 28:57 | Create | Villager (Male) |
| 29:01 | Create | Shotel Warrior |
| 29:02 | Create | Shotel Warrior |
| 29:02 | Create | Shotel Warrior |
| 29:03 | Create | Shotel Warrior |
| 29:19 | Create | Battering Ram |
| 29:21 | Create | Battering Ram |
| 29:37 | Research | Gold Mining |
| 29:44 | Build | Farm |
| 29:47 | Build | Farm |
| 29:54 | Research | Crossbowman (upgrade) |
| 30:10 | Build | Farm |
| 30:26 | Build | House |
| 30:27 | Build | House |
| 30:30 | Build | House |
| 30:31 | Build | House |
| 30:32 | Build | House |
| 30:33 | Build | House |
| 30:35 | Build | House |
| 30:37 | Build | House |
| 30:38 | Build | House |
| 30:40 | Build | House |
| 30:41 | Build | House |
| 30:42 | Build | House |
| 30:43 | Build | House |
| 30:48 | Build | House |
Build order — Sdrf1445
First 150 of 449 actions detected
| 0:01 | Create | Villager (Male) |
| 0:01 | Create | Villager (Male) |
| 0:01 | Create | Villager (Male) |
| 0:01 | Create | Villager (Male) |
| 0:02 | Create | Villager (Male) |
| 0:02 | Create | Villager (Male) |
| 0:03 | Build | House |
| 0:04 | Build | House |
| 1:25 | Create | Villager (Male) |
| 1:25 | Create | Villager (Male) |
| 1:25 | Create | Villager (Male) |
| 1:56 | Build | Lumber Camp |
| 2:00 | Create | Villager (Male) |
| 2:00 | Create | Villager (Male) |
| 2:00 | Create | Villager (Male) |
| 2:23 | Create | Villager (Male) |
| 2:23 | Create | Villager (Male) |
| 2:23 | Create | Villager (Male) |
| 3:00 | Build | House |
| 3:08 | Create | Villager (Male) |
| 3:08 | Create | Villager (Male) |
| 3:08 | Create | Villager (Male) |
| 3:09 | Create | Villager (Male) |
| 4:00 | Create | Villager (Male) |
| 4:00 | Create | Villager (Male) |
| 4:01 | Create | Villager (Male) |
| 4:01 | Create | Villager (Male) |
| 4:01 | Create | Villager (Male) |
| 4:10 | Build | Mill |
| 4:21 | Create | Villager (Male) |
| 5:11 | Create | Villager (Male) |
| 5:11 | Create | Villager (Male) |
| 5:28 | Build | House |
| 6:10 | Create | Villager (Male) |
| 6:10 | Create | Villager (Male) |
| 6:10 | Create | Villager (Male) |
| 6:58 | Build | Mining Camp |
| 7:29 | Research | Feudal Age |
| 7:29 | Research | Feudal Age |
| 8:51 | Build | Farm |
| 8:53 | Build | Farm |
| 8:59 | Build | Farm |
| 9:24 | Build | Farm |
| 9:39 | Age | Feudal Age |
| 9:42 | Build | Blacksmith |
| 10:05 | Build | Market |
| 10:38 | Build | Farm |
| 11:11 | Create | Villager (Male) |
| 11:11 | Create | Villager (Male) |
| 11:19 | Build | Farm |
| 12:38 | Build | House |
| 13:28 | Research | Castle Age |
| 13:28 | Research | Castle Age |
| 15:24 | Build | Farm |
| 15:27 | Build | Farm |
| 15:56 | Build | Farm |
| 16:08 | Age | Castle Age |
| 16:18 | Build | Town Center |
| 16:35 | Build | Town Center |
| 16:41 | Create | Villager (Male) |
| 16:41 | Create | Villager (Male) |
| 16:41 | Create | Villager (Male) |
| 16:42 | Create | Villager (Male) |
| 16:42 | Create | Villager (Male) |
| 17:07 | Build | Monastery |
| 17:54 | Build | Farm |
| 17:54 | Build | Farm |
| 18:11 | Build | Barracks |
| 18:14 | Create | Monk |
| 18:14 | Create | Monk |
| 18:31 | Build | House |
| 18:31 | Build | House |
| 18:31 | Build | House |
| 18:32 | Build | House |
| 18:32 | Build | House |
| 18:33 | Build | House |
| 18:33 | Build | House |
| 18:33 | Build | House |
| 18:35 | Build | House |
| 18:39 | Create | Villager (Male) |
| 18:39 | Create | Villager (Male) |
| 18:39 | Create | Villager (Male) |
| 18:39 | Create | Villager (Male) |
| 18:39 | Create | Villager (Male) |
| 18:40 | Create | Villager (Male) |
| 18:40 | Create | Villager (Male) |
| 18:40 | Create | Villager (Male) |
| 18:41 | Create | Villager (Male) |
| 18:44 | Build | Farm |
| 19:09 | Create | Villager (Male) |
| 19:09 | Create | Villager (Male) |
| 19:12 | Build | Farm |
| 19:21 | Build | House |
| 19:28 | Create | Villager (Male) |
| 19:28 | Create | Villager (Male) |
| 19:31 | Build | Farm |
| 20:03 | Create | Spearman |
| 20:03 | Create | Spearman |
| 20:07 | Build | Farm |
| 20:17 | Create | Villager (Male) |
| 20:17 | Create | Villager (Male) |
| 20:18 | Create | Villager (Male) |
| 20:18 | Create | Villager (Male) |
| 20:18 | Create | Villager (Male) |
| 20:18 | Create | Villager (Male) |
| 20:18 | Create | Villager (Male) |
| 20:26 | Build | Farm |
| 20:29 | Create | Villager (Male) |
| 20:29 | Create | Villager (Male) |
| 21:05 | Build | Farm |
| 21:11 | Build | Mining Camp |
| 21:15 | Create | Villager (Male) |
| 21:15 | Create | Villager (Male) |
| 21:15 | Create | Villager (Male) |
| 21:15 | Create | Villager (Male) |
| 22:13 | Build | House |
| 22:13 | Build | House |
| 22:13 | Build | House |
| 22:14 | Build | House |
| 22:14 | Build | House |
| 22:16 | Research | Double-Bit Axe |
| 22:19 | Build | Lumber Camp |
| 22:40 | Build | Stable |
| 22:47 | Create | Villager (Male) |
| 22:48 | Create | Villager (Male) |
| 22:48 | Create | Villager (Male) |
| 22:48 | Create | Villager (Male) |
| 22:48 | Create | Villager (Male) |
| 22:48 | Create | Villager (Male) |
| 22:49 | Create | Villager (Male) |
| 22:49 | Create | Villager (Male) |
| 22:52 | Build | Farm |
| 23:33 | Build | Farm |
| 23:33 | Build | Farm |
| 23:33 | Build | Farm |
| 23:33 | Build | Farm |
| 23:33 | Build | Farm |
| 23:34 | Build | Farm |
| 23:36 | Create | Villager (Male) |
| 23:38 | Create | Villager (Male) |
| 23:38 | Create | Villager (Male) |
| 23:38 | Create | Villager (Male) |
| 23:38 | Create | Villager (Male) |
| 23:39 | Create | Villager (Male) |
| 23:45 | Create | Knight |
| 23:45 | Create | Knight |
| 24:04 | Build | Farm |
| 24:23 | Build | House |
| 24:27 | Create | Villager (Male) |
| 24:27 | Create | Villager (Male) |
Match timeline
| 9:39 | Sdrf1445 · age_up feudal |
| 11:11 | netob2013 · first_building Barracks |
| 12:57 | netob2013 · age_up feudal |
| 16:08 | Sdrf1445 · age_up castle |
| 17:07 | Sdrf1445 · first_building Monastery |
| 17:48 | netob2013 · first_building Archery Range |
| 18:11 | Sdrf1445 · first_building Barracks |
| 21:27 | netob2013 · age_up castle |
| 22:40 | Sdrf1445 · first_building Stable |
| 24:00 | netob2013 · first_building Castle |
| 24:16 | netob2013 · first_building Monastery |
| 27:01 | netob2013 · first_building Siege Workshop |
| 29:10 | Sdrf1445 · first_building Castle |
| 29:40 | Sdrf1445 · first_market_buy 100 food |
| 32:56 | Sdrf1445 · age_up imperial |
| 35:57 | Sdrf1445 · first_building Archery Range |
| 43:56 | netob2013 · age_up imperial |
| 54:09 | netob2013 · resign |
[ AI ANALYSIS · 1 CREDIT ]
What really happened in this match?
Wolo.gg analyzes every decision: build order, eco, micro, common mistakes by bracket. Personalized analysis on WhatsApp or Discord in 30 seconds.
Civ guide
Ethiopians
Perfil
Jugador #6830603